 Dungeon Crawl Stone Soup version 0.27-a0-808-g60bc5d92e6 (webtiles) character file.

Game seed: 1001464552028266174

367 rageheart7 the Skirmisher (level 6, 0/48 HPs)
             Began as a Demonspawn Venom Mage on Mar 28, 2021.
             Slain by an ogre
             ... wielding a +0 giant spiked club
              (27 damage)
             ... on level 4 of the Dungeon.
             The game lasted 00:06:45 (4758 turns).

rageheart7 the Skirmisher (Demonspawn Venom Mage)   Turns: 4758, Time: 00:06:45

Health: 0/48       AC:  4    Str: 10    XL:     6   Next: 41%
Magic:  9/9        EV: 12    Int: 16    God:
Gold:   189        SH:  0    Dex: 14    Spells: 8/9 levels left

rFire    . . .     SeeInvis .     - Unarmed
rCold    . . .     Faith    .   (no shield)
rNeg     . . .     Spirit   .   a - +0 robe
rPois    .         Reflect  .   (no helmet)
rElec    .         Harm     .   h - +1 cloak
rCorr    .         Rampage  .   (no gloves)
Will     .....                  (no boots)
Stlth    ++........             (no amulet)
HPRegen  0.16/turn              (no ring)
MPRegen  0.11/turn              (no ring)

@: no status effects
A: claws 1, talons 1
a: no special abilities


You were on level 4 of the Dungeon.
You visited 1 branch of the dungeon, and saw 4 of its levels.

You collected 189 gold pieces.

Inventory:

Armour
 a - a +0 robe (worn)
 c - a +0 helmet
 h - a +1 cloak (worn)
Magical Staves
 g - a staff of death
Jewellery
 o - a ring of see invisible
Scrolls
 b - 2 scrolls of fear
 j - a scroll of teleportation
 l - a scroll of identify
Potions
 n - a potion of ambrosia


   Skills:
 * Level 4.2 Fighting
 - Level 1.7 Dodging
 - Level 1.7 Stealth
 * Level 3.8 Unarmed Combat
 - Level 2.3 Spellcasting
 - Level 0.8 Transmutations
 - Level 3.3 Poison Magic


You had 8 spell levels left.
You knew the following spells:

 Your Spells              Type           Power      Damage    Failure   Level
a - Sting                 Tmut/Pois      32%        1d4       9%          1

Your spell library contained the following spells:

 Spells                   Type           Power      Damage    Failure   Level
 Poisonous Vapours        Pois/Air       14%        N/A       16%         2
 Magic Dart               Conj           4%         1d3       21%         1
 Summon Small Mammal      Summ           4%         N/A       21%         1
 Blink                    Tloc           N/A        N/A       30%         2
 Call Imp                 Summ           1%         N/A       30%         2
 Slow                     Hex            1%         N/A       30%         2
 Ignite Poison            Fire/Tmut/Pois 6%         N/A       34%         3
 Mephitic Cloud           Conj/Pois/Air  5%         N/A       36%         3
 Olgreb's Toxic Radiance  Pois           12%        N/A       45%         4
 Call Canine Familiar     Summ           1%         N/A       52%         3
 Conjure Flame            Conj/Fire      1%         6-21      52%         3
 Summon Guardian Golem    Hex/Summ       1%         N/A       52%         3
 Summon Ice Beast         Ice/Summ       1%         N/A       89%         4
 Summon Lightning Spire   Summ/Air       1%         N/A       89%         4


Dungeon Overview and Level Annotations

Branches:
Dungeon (4/15)
 Temple: D:4-7

Altars:

Shops:
D:4 [


Innate Abilities, Weirdness & Mutations

You have sharp fingernails.
You have sharp toenails.


Message History

The jackal closely misses you. The jackal barely misses you.
A jackal is nearby!
You closely miss the jackal. You claw the jackal.
You kill the jackal!
No target in view!
You see here a +0 dagger.
An endoplasm comes into view.
An endoplasm is nearby!
A hobgoblin comes into view.
The endoplasm quivers.
There are monsters nearby!
There are monsters nearby!
The endoplasm hits you but does no damage.
There are monsters nearby!
You scratch the endoplasm. You claw the endoplasm.
You kill the endoplasm!
The hobgoblin shouts!
You barely miss the hobgoblin. The hobgoblin hits you!
You closely miss the hobgoblin.
A hobgoblin is nearby!
You claw the hobgoblin!
You kill the hobgoblin!
No target in view!
Found 27 stones.
No target in view!
An ogre comes into view. It is wielding a +0 giant spiked club.
The ogre shouts!
An ogre is nearby!
An ogre is nearby!
You scratch the ogre.
The ogre is lightly wounded.
The ogre hits you with a +0 giant spiked club!!
You scratch the ogre. Your kick misses the ogre.
The ogre is lightly wounded.
The ogre misses you.
You claw the ogre!
The ogre is heavily wounded.
The ogre hits you with a +0 giant spiked club!!
Ouch! That really hurt!
You die...

#...
##..####.#
#.##
#..##...#
#.####...
#.#..#.#
#........
##..##.#
#########
##..###.#
#...# #.#
#..#.# #.#
#...##.#
#.. #..#
#@# ##
#.##..O#
## #.#(#
#.#.# #
... ...
... .####


You could see an ogre.

Vanquished Creatures
  An ogre (D:4)
  A scorpion (D:4)
  An orc priest (D:4)
  A jelly (D:4)
  A bullfrog skeleton (D:4)
  An orc wizard (D:4)
  2 adders
  2 adder skeletons (D:4)
  2 worms
  3 dart slugs
  3 orcs (D:4)
  2 bats (D:1)
  6 endoplasms
  7 giant cockroaches
  12 goblins
  4 hobgoblins
  12 jackals
  3 quokkas
  7 ball pythons
  2 frilled lizards (D:1)
  7 kobolds
  4 rats
84 creatures vanquished.

Notes
Turn   | Place    | Note
-------+----------+-------------------------------------------
     0 | D:1      | rageheart7 the Demonspawn Venom Mage began the quest for
                  | the Orb.
     0 | D:1      | Reached XP level 1. HP: 13/13 MP: 3/3
   277 | D:1      | Gained mutation: You have sharp toenails. [demonic
                  | ancestry]
   277 | D:1      | Reached XP level 2. HP: 11/19 MP: 0/5
   917 | D:1      | Reached skill level 1 in Fighting
   931 | D:1      | Reached skill level 1 in Unarmed Combat
   948 | D:1      | Reached XP level 3. HP: 16/26 MP: 1/6
  2229 | D:2      | Reached skill level 2 in Fighting
  2404 | D:3      | Reached XP level 4. HP: 33/33 MP: 4/7
  3694 | D:4      | Noticed an ogre
  3710 | D:4      | Killed an ogre
  3711 | D:4      | Reached skill level 3 in Fighting
  3711 | D:4      | Reached XP level 5. HP: 36/41 MP: 2/8
  4097 | D:4      | Gained mutation: You have sharp fingernails. [demonic
                  | ancestry]
  4097 | D:4      | Reached XP level 6. HP: 30/48 MP: 9/9
  4362 | D:4      | Reached skill level 4 in Fighting
  4375 | D:4      | Found Eptas's Antique Armour Shop.
  4758 | D:4      | Slain by an ogre

Illustrated notes

Levels and vault maps discovered:
D:1:      enne_arrival_octagon_isle, layout_rooms
D:2:      layout_rooms, minmay_pentomino_w2
D:3:      layout_loops_corners, kennysheep_cross_room
D:4:      layout_loops_ring, lightli_temple_of_fire,
          minmay_temple_entry_poolview, nicolae_ossuary_entry_giza,
          serial_shops, kennysheep_mini, chequers_serial_rivers_small_a,
          grunt_ministairs_11, minmay_misc_feat_hallway

Skill      XL: |  1  2  3  4  5  6 |
---------------+-------------------+-----
Fighting       | 1 2 3 4 |  4.2
Unarmed Combat | 1 2 3 |  3.8
Dodging        | |  1.7
Stealth        | |  1.7
Spellcasting   | |  2.3
Transmutations | |  0.8
Poison Magic   | |  3.3

Action                   |  1- 3 |  4- 6 || total
-------------------------+-------+-------++-------
Melee: Dagger            |    21 |       ||    21
       Unarmed           |    85 |   149 ||   234
       Kick              |    23 |    33 ||    56
       Punch             |     1 |     3 ||     4
 Cast: Sting             |    52 |    25 ||    77
  Use: Scroll            |       |     8 ||     8
       Potion            |       |     2 ||     2
 Stab: Sleeping          |     2 |     2 ||     4
Armor: Robe              |    28 |    30 ||    58
Dodge: Dodged            |    75 |    89 ||   164

Table legend: (Time is in decaauts)
 A = Elapsed time spent in this place.
 B = Non-inter-level travel time spent in this place.
 C = Inter-level travel time spent in this place.
 D = Time resting spent in this place.
 E = Time spent auto-exploring this place.
 F = Levels seen in this place.
 G = Mean time per level.
                   A        B        C        D        E       F      G
               +--------+--------+--------+--------+--------+-----+--------+
         Total |   4747 |   4702 |     45 |    256 |   3701 |   4 | 1186.8 |
       Dungeon |   4747 |   4702 |     45 |    256 |   3701 |   4 | 1186.8 |
               +--------+--------+--------+--------+--------+-----+--------+

Top non-repeatable levels by time:
     D:1: 1294 daAuts
     D:3: 1228 daAuts
     D:4: 1175 daAuts
     D:2: 1049 daAuts
